 Dungeon Crawl Stone Soup version 0.20.1-1-g8b1a95d (webtiles) character file.

2042 letownia2 the Reanimator (level 9, -1/74 HPs)
             Began as a Deep Dwarf Necromancer on Nov 5, 2017.
             Was an Initiate of Gozag.
             Slain by Menkaure (15 damage)
             ... on level 7 of the Dungeon.
             The game lasted 00:17:41 (6122 turns).

letownia2 the Reanimator (Deep Dwarf Necromancer)   Turns: 6122, Time: 00:17:41

Health: -1/74      AC:  9    Str: 13    XL:     9   Next: 4%
Magic:  36/36      EV: 10    Int: 18    God:    Gozag
Gold:   670        SH:  0    Dex: 13    Spells: 16/20 levels left

rFire    . . .     SeeInvis .   a - +3 dagger (speed)
rCold    . . .     Gourm    .   (no shield)
rNeg     . . .     Faith    .   w - +0 scale mail
rPois    .         Spirit   .   (no helmet)
rElec    .         Reflect  .   G - +0 cloak
rCorr    .         Harm     .   (no gloves)
MR       +....                  (no boots)
Stlth    +.........             (no amulet)
Regen    0.0/turn               x - ring of magical power
MPRegen  0.3/turn               O - ring of magical power

@: non-regenerating
A: damage resistance, heal wounds, sense surroundings 2, no regeneration
a: Heal Wounds, Potion Petition, Call Merchant, Bribe Branch, Renounce Religion


You were on level 7 of the Dungeon.
You worshipped Gozag.
Gozag was pleased with you.
You were very hungry.

You visited 2 branches of the dungeon, and saw 8 of its levels.
You also visited: Sewer.

You collected 736 gold pieces.
You paid 66 gold pieces to Gozag.

Inventory:

Hand Weapons
 a - a +3 dagger of speed (weapon)
 b - a +0 blowgun
 p - a +4 short sword
Missiles
 N - 5 poisoned needles
Armour
 w - a +0 scale mail (worn)
 G - a +0 cloak (worn)
Magical Staves
 B - an uncursed staff of cold
 J - an uncursed staff of poison
Jewellery
 x - a ring of magical power (left hand)
 O - a ring of magical power (right hand)
Wands
 H - a wand of polymorph (13/24)
 M - a wand of random effects (20/48)
Scrolls
 e - a scroll of blinking {unknown}
 f - 2 scrolls of fog {unknown}
 g - 4 scrolls of enchant weapon
 i - 4 scrolls of identify
 j - a scroll of enchant armour {unknown}
 o - a scroll of fear {unknown}
 t - a scroll of acquirement {unknown}
 u - a scroll of random uselessness {unknown}
 v - 3 scrolls of magic mapping {unknown}
 y - 6 scrolls of teleportation {unknown}
 A - 6 scrolls of remove curse
 E - a scroll of recharging {unknown}
 K - a scroll of immolation {unknown}
Potions
 d - 2 potions of might {unknown}
 h - a potion of ambrosia
 k - a potion of resistance
 m - 2 potions of flight {unknown}
 q - 2 potions of heal wounds {unknown}
 r - 2 potions of brilliance
 s - a potion of agility
 z - 2 potions of mutation {unknown}
 C - a potion of berserk rage {unknown}
 D - a potion of lignification {unknown}
 I - 4 potions of cancellation {unknown}
 L - a potion of magic
 U - 10 potions of curing {unknown}
Comestibles
 c - 2 bread rations
 F - 2 fruits


   Skills:
 - Level 2.3 Fighting
 - Level 6.6 Armour
 - Level 2.1 Dodging
 - Level 2.4 Stealth
 + Level 6.0 Spellcasting
 - Level 8.5 Necromancy
 - Level 1.3 Evocations


You had 16 spell levels left.
You knew the following spells:

 Your Spells              Type           Power        Failure   Level  Hunger
a - Pain                  Necr           ####         1%          1    None
v - Vampiric Draining     Necr           #####.....   4%          3    ##.....


Dungeon Overview and Level Annotations

Branches:
Dungeon (7/15)             Temple (1/1) D:5

Altars:
Cheibriados
Dithmenos
Elyvilon
Fedhas
Gozag
Hepliaklqana
Kikubaaqudgha
Makhleb
Nemelex Xobeh
Okawaru
Qazlal
Ru
Sif Muna
Trog
Uskayaw
Xom
Yredelemnul
Zin
The Shining One

Shops:
D:6 %

Annotations:
D:3 Darkyelf's ghost, amateur FoAK
D:7 Menkaure


Innate Abilities, Weirdness & Mutations

You are resistant to damage.
You can heal yourself by infusing magical energy.
You passively map the area around you.
You do not regenerate.


Message History

Menkaure is severely damaged.
Menkaure hits you!
* * * LOW HITPOINT WARNING * * *
You barely miss Menkaure.
Menkaure is severely damaged.
Menkaure hits you.
You hit Menkaure.
Menkaure is severely damaged.
Menkaure hits you but does no damage.
You hit Menkaure.
Menkaure is almost destroyed.
Menkaure hits you.
* * * LOW HITPOINT WARNING * * *
Unknown command.
You hit Menkaure.
Menkaure is almost destroyed.
Menkaure rustles in an indecipherable tongue.
Menkaure hits you!
You die...
Your body crumbles into a pile of gold.

###..#.##....##..#####......#
..?.#. ##[.#....## ########
......##......########
..........###........####
.........# #...........#
.....##.. ##.......?..#
#.#..##.######..........#
........................#
#...##..#....#..@.......#
...###....####..M.<..####
.......#### ##.(#####
..........### ..##
...#...........##
..##....)!...## ......_...##.
,, ..##.....###* * *
..##Z...$###* , * * *


You could see Menkaure.

Vanquished Creatures
  A two-headed ogre (D:7)
  A hippogriff (D:7)
  An ice beast (D:3)
  2 ogres
  A centaur (D:6)
  2 big kobolds
  3 bullfrogs
  3 scorpions
  A bullfrog zombie (D:5)
  A centaur skeleton (D:5)
  A worker ant (D:6)
  An orc wizard (D:3)
  A killer bee zombie (D:6)
  A hound skeleton (D:5)
  6 river rats (Sewer)
  11 adders
  2 adder zombies (D:5)
  3 worms
  2 dart slugs (D:2)
  5 leopard geckos
  4 orcs
  6 giant cockroaches
  3 goblins
  5 hobgoblins
  3 jackals (D:7)
  23 kobolds
  2 quokkas
  6 ball pythons
  6 bats
  4 frilled lizards
  A jackal zombie (D:7)
  A quokka skeleton (D:6)
  26 rats
139 creatures vanquished.

Notes
Turn   | Place    | Note
-------+----------+-------------------------------------------
     0 | D:1      | letownia2 the Deep Dwarf Necromancer began the quest for the Orb.
     0 | D:1      | Reached XP level 1. HP: 15/15 MP: 3/3
   520 | D:3      | Reached XP level 2. HP: 17/22 MP: 3/5
   678 | D:3      | Reached skill level 5 in Necromancy
   738 | D:3      | Reached XP level 3. HP: 13/28 MP: 1/6
   741 | D:3      | Noticed an ice beast
   767 | D:3      | Found a glowing drain.
   771 | Sewer    | Entered a sewer
   826 | Sewer    | Learned a level 3 spell: Vampiric Draining
  1122 | Sewer    | Reached XP level 4. HP: 13/36 MP: 2/7
  1218 | Sewer    | Reached skill level 6 in Necromancy
  1886 | Sewer    | Reached skill level 1 in Armour
  2047 | Sewer    | Reached XP level 5. HP: 35/42 MP: 1/8
  2405 | D:3      | Reached skill level 7 in Necromancy
  2519 | D:3      | Killed an ice beast
  2519 | D:3      | Reached XP level 6. HP: 33/49 MP: 0/9
  2915 | D:4      | Found a blossoming altar of Fedhas.
  2956 | D:4      | Found a sparkling altar of Nemelex Xobeh.
  3023 | D:5      | Entered Level 5 of the Dungeon
  3055 | D:5      | Found a staircase to the Ecumenical Temple.
  3075 | Temple   | Entered the Ecumenical Temple
  3080 | Temple   | Became a worshipper of Gozag Ym Sagoz the Greedy
  3210 | D:5      | Reached XP level 7. HP: 50/55 MP: 12/12
  3269 | D:5      | Reached skill level 1 in Fighting
  3269 | D:5      | Reached skill level 8 in Necromancy
  3746 | D:3      | Noticed Darkyelf's ghost (amateur FoAK)
  4262 | D:2      | Found an ancient bone altar of Kikubaaqudgha.
  4262 | D:2      | Found a snail-covered altar of Cheibriados.
  4436 | D:2      | Found a deep blue altar of Sif Muna.
  5177 | D:6      | Reached skill level 1 in Evocations
  5533 | D:6      | Found Daugumor's Food Shop.
  5652 | D:6      | Reached XP level 8. HP: 41/68 MP: 14/14
  5744 | D:7      | Found a sparkling altar of Nemelex Xobeh.
  5818 | D:7      | Noticed a hippogriff
  5831 | D:7      | Killed a hippogriff
  5886 | D:7      | Noticed a two-headed ogre
  5900 | D:7      | Killed a two-headed ogre
  5900 | D:7      | Reached skill level 5 in Spellcasting
  5900 | D:7      | Gained mutation: You passively map the area around you. [Deep Dwarf growth]
  5900 | D:7      | Reached XP level 9. HP: 39/74 MP: 1/17
  6104 | D:7      | Noticed Menkaure
  6122 | D:7      | Slain by Menkaure

Skill      XL: |  1  2  3  4  5  6  7  8  9 |
---------------+----------------------------+-----
Spellcasting   | 2 3 4 5 6 |  6.0
Necromancy     | 5 6 7 8 |  8.5
Armour         | 1 2 3 6 |  6.6
Fighting       | 2 |  2.3
Evocations     | 1 |  1.3
Dodging        | |  2.1
Stealth        | |  2.4

Action                   |  1- 3 |  4- 6 |  7- 9 || total
-------------------------+-------+-------+-------++-------
Melee: Unarmed           |    11 |       |       ||    11
       Dagger            |       |    80 |    89 ||   169
       Staff             |       |       |     2 ||     2
Throw: Throwing net      |       |       |     1 ||     1
 Cast: Pain              |    42 |    75 |    94 ||   211
       Vampiric Draining |     5 |    26 |    28 ||    59
Evoke: Wand              |       |       |     3 ||     3
  Use: Scroll            |       |       |     7 ||     7
 Stab: Distracted        |       |       |     1 ||     1
  Eat: Chunk             |     2 |    10 |     1 ||    13
       Meat ration       |       |       |     2 ||     2
Armor: Leather armour    |     9 |     7 |       ||    16
       Ring mail         |       |    21 |    21 ||    42
       Scale mail        |       |       |    26 ||    26
Dodge: Dodged            |    37 |    71 |    80 ||   188
